General information
- name: BNet
- type: Ladder 1vs1/FFA
- host: Battle.net
- saver: imbatmanlol
map: TwistedMeadows
- players: 2
- length: 18:01
- speed: Fast
- version: 1.26 W3XP
- replay type: Public
» download(64 KB)
Players
team 1 (winner)

»
imbatmanlol (
orange | 113 APM | 2042 actions | 18:01)
4 Demon Hunter
2 Mana Burn
2 Evasion
3 Beastmaster
1 Summon Quilbeast
2 Summon Hawk
3 Goblin Tinker
2 Pocket Factory
1 Engineering Upgrade
» actions
| Assign group hotkey | 43 | |
| Basic commands | 98 | |
| Build / train | 73 | |
| ESC pressed | 2 | |
| Enter build submenu | 22 | |
| Enter hero's abilities submenu | 10 | |
| Give item / drop item | 7 | |
| Right click | 657 | |
| Select / deselect | 506 | |
| Select group hotkey | 499 | |
| Use ability | 125 | |
2042 total
» units
| Wisp | 17 | |
| Archer | 10 | |
| Druid of the Talon | 7 | |
| Chimaera | 4 | |
| Huntress | 1 | |
39 total
» upgrades
| Druid of the Talon Training | 2 | |
| Reinforced Hides | 1 | |
| Well Spring | 1 | |
4 total
» buildings
| Altar of Elders | 1 | |
| Moon Well | 5 | |
| Ancient of War | 3 | |
| Ancient of Wonders | 2 | |
| Tree of Ages | 1 | |
| Tree of Eternity | 1 | |
| Ancient of Wind | 4 | |
| Chimaera Roost | 1 | |
| Tree of Life | 1 | |
| Hunter's Hall | 1 | |
20 total
» build order
00:08 Altar of Elders
00:18 Moon Well
00:24 Ancient of War
01:47 Moon Well
01:59 Ancient of Wonders
02:42 Moon Well
04:45 Tree of Ages
05:19 Moon Well
07:34 Tree of Eternity
08:17 Ancient of War
08:18 Ancient of War
09:16 Ancient of Wind
09:18 Ancient of Wind
09:25 Ancient of Wonders
10:27 Chimaera Roost
11:14 Moon Well
13:05 Tree of Life
13:55 Ancient of Wind
13:56 Ancient of Wind
14:43 Hunter's Hall
» items
| Dust of Appearance | 1 | |
| Circlet of Nobility | 1 | |
| Boots of Speed | 2 | |
| Moonstone | 2 | |
| Lesser Clarity Potion | 1 | |
7 total
team 2 (loser)
FATE.NOKIA (
blue | 85 APM | 1527 actions | 17:58)
4 Blademaster
2 Wind Walk
2 Critical Strike
2 Shadow Hunter
1 Healing Wave
1 Hex
» actions
| Assign group hotkey | 27 | |
| Basic commands | 52 | |
| Build / train | 74 | |
| ESC pressed | 3 | |
| Enter build submenu | 16 | |
| Enter hero's abilities submenu | 6 | |
| Give item / drop item | 1 | |
| Right click | 627 | |
| Select / deselect | 343 | |
| Select group hotkey | 267 | |
| Use ability | 111 | |
1527 total
» units
| Peon | 5 | |
| Grunt | 9 | |
| Raider | 3 | |
| Spirit Walker | 3 | |
| Troll Batrider | 6 | |
26 total
» upgrades
| Pillage | 2 | |
| Berserker Strength | 1 | |
| Ensnare | 1 | |
| Armor | 1 | |
| Spirit Walker Training | 1 | |
| Melee Weapons | 1 | |
7 total
» buildings
| Altar of Storms | 2 | |
| Orc Burrow | 6 | |
| Barracks | 1 | |
| Voodoo Lounge | 1 | |
| Stronghold | 3 | |
| Beastiary | 1 | |
| War Mill | 1 | |
| Spirit Lodge | 1 | |
| Great Hall | 1 | |
17 total
» build order
00:07 Altar of Storms
00:09 Altar of Storms
00:20 Orc Burrow
00:36 Barracks
01:31 Orc Burrow
02:05 Voodoo Lounge
03:19 Stronghold
03:19 Stronghold
03:19 Stronghold
03:55 Orc Burrow
05:36 Orc Burrow
07:04 Beastiary
07:49 War Mill
08:27 Spirit Lodge
10:07 Orc Burrow
13:04 Great Hall
14:08 Orc Burrow
» items
| Lesser Clarity Potion | 6 | |
| Healing Salve | 4 | |
| Scroll of Speed | 3 | |
| Staff of Teleportation | 1 | |
| Dust of Appearance | 1 | |
| Boots of Speed | 1 | |
| Potion of Mana | 5 | |
| Potion of Healing | 5 | |
26 total
Chat log
(17:46 / All) FATE.NOKIA: gg
(17:49 / All) imbatmanlol: gg
(17:50 / All) FATE.NOKIA: nice elf
(17:58 / All) imbatmanlol: ty ty